 Dungeon Crawl Stone Soup version 0.30-b1-2-g02819fbbbe (webtiles) character file.

Game seed: 16723060847019764295

246 redmage the Digger (level 6, 0/45 HPs)
             Began as a Meteoran Earth Elementalist on Aug 8, 2023.
             Was an Initiate of Sif Muna.
             Succumbed to a scorpion's poison
             ... on level 5 of the Dungeon.
             The game lasted 00:09:19 (691 turns).

redmage the Digger (Meteoran Earth Elementalist)     Turns: 691, Time: 00:09:20

Health: 0/45       AC:  3    Str: 15    XL:     6   Next: 60%
Magic:  0/11       EV: 12    Int: 20    God:    Sif Muna [......]
Gold:   166        SH:  0    Dex: 14    Spells: 2/11 levels left

rFire   . . .        k - staff of earth
rCold   . . .        (no shield)
rNeg    . . .        a - +1 robe
rPois   .            (no helmet)
rElec   .            (no cloak)
rCorr   .            (no gloves)
SInv    .            (no boots)
Will    .....        (no amulet)
Stlth   +            c - +6 ring of strength
HPRegen 0.27/turn    (no ring)
MPRegen 0.12/turn

%: no passive effects
@: lethally poisoned (0 -> -10), glowing
A: sense surroundings 1, otherworldly, glowing, explore regen
a: Renounce Religion


You were on level 5 of the Dungeon.
You worshipped Sif Muna.
Sif Muna was noncommittal.
You visited 1 branch of the dungeon, and saw 6 of its levels.

You collected 166 gold pieces.

Inventory:

Armour
 a - a +1 robe (worn)
Magical Staves
 k - a staff of earth (weapon)
Jewellery
 c - a +6 ring of strength (left hand)
Wands
 m - a wand of paralysis (3)
Scrolls
 g - 2 scrolls of fear
 i - a scroll of teleportation
 l - a scroll of enchant armour
 n - a scroll of noise {unknown}
 o - a scroll of vulnerability {unknown}
Potions
 b - a potion of magic
 d - a potion of flight
 e - 2 potions of haste
 h - a potion of mutation {unknown}
 j - a potion of heal wounds {unknown}


   Skills:
 - Level 2.4 Dodging
 - Level 1.4 Stealth
 - Level 3.0 Spellcasting
 * Level 3.4 Conjurations
 - Level 1.2 Transmutations
 + Level 2.0 Ice Magic
 + Level 6.2 Earth Magic
 + Level 1.5 Invocations


You had 2 spell levels left.
You knew the following spells:

 Your Spells              Type           Power      Damage    Failure   Level
a - Sandblast             Erth           82%        2d17      1%          1
b - Passwall              Tmut/Erth      21%        N/A       4%          2
c - Stone Arrow           Conj/Erth      66%        3d11      6%          3
d - Ozocubu's Armour      Ice            11%        N/A       19%         3

Your spell library contained the following spells:

 Spells                   Type           Power      Damage    Failure   Level
 Petrify                  Tmut/Erth      26%        N/A       30%         4
 Portal Projectile        Hex/Tloc       6%         N/A       38%         3
 Tukima's Dance           Hex            3%         N/A       38%         3
 Blade Hands              Tmut           3%         N/A       94%         5
 Ozocubu's Refrigeration  Ice            5%         4d8       100%        7


Dungeon Overview and Level Annotations

Branches:
Dungeon (6/15) Zot: 2884
 Temple: D:4-7

Altars:
Sif Muna

Shops:
D:3 (   D:4 *


Innate Abilities, Weirdness & Mutations

You passively map a small area around you.
You are easily found by Zot.
You glow in the dark.
You regain HP and MP as you explore.


Message History

Aiming: Stone Arrow (dangerous; 7% risk of failure)
Press: ? - help, Shift-Dir - straight line, f - centaur
Aim: a centaur, wielding a +0 shortbow (84% to hit)
You feel a surge of power!
The stone arrow hits the centaur!
The centaur is almost dead.
The centaur shoots an arrow.
The arrow barely misses you.
Unknown command.
Casting: Stone Arrow (dangerous; 7% risk of failure)
Confirm with . or Enter, or press ? or * to list all spells.
Aiming: Sandblast (safe; 1% risk of failure)
Press: ? - help, Shift-Dir - straight line, f/p - centaur
Aim: a centaur, wielding a +0 shortbow (almost dead, 91% to hit)
You feel a surge of power!
The blast of sand hits the centaur but does no damage.
The centaur is almost dead.
The centaur shoots an arrow.
The arrow barely misses you.
The centaur shoots an arrow.
The arrow hits you!
The centaur unwields the +0 spear "Conservator" {drain, Int+4 Dex+2}.
The centaur wields a +0 shortbow.
The centaur shoots an arrow.
The arrow hits you!
* * * LOW HITPOINT WARNING * * *
Casting: Sandblast (safe; 1% risk of failure)
Confirm with . or Enter, or press ? or * to list all spells.
Aiming: Sandblast (safe; 1% risk of failure)
Press: ? - help, Shift-Dir - straight line, f/p - centaur
Aim: a centaur, wielding a +0 shortbow (almost dead, 91% to hit)
You feel a surge of power!
The blast of sand hits the centaur!
You kill the centaur!
Sif Muna accepts your kill.
The centaur shoots an arrow.
The arrow barely misses you. The scorpion stings you.
* * * LOW HITPOINT WARNING * * *
You are lethally poisoned!
The scorpion poisons you!
Your Conjurations skill increases to level 3!
Your Ice Magic skill increases to level 2!
Your Invocations skill increases to level 1!
Unknown command.
It was a potion of cancellation.
You feel magically purged.
You die...

, * #....<.).# ,
.######....#####
........#.### ,
.........#.### * ,
............ .. #....)...#
..# , ####.......###.# , ,
#.....s......... ,
#......@##...## , ..
#...#.....gc..#
##..######.####..#..g..#
....................).g#
##...#####.##...######....
......###.......# ... *
*#......#.>.##..# *,. g≈ ,
#....#....####.###...#
####.................#* _


You could see a centaur, a scorpion and 3 gnolls.

Vanquished Creatures
  A centaur (D:5)
  A hound (D:5)
  An orc priest (D:5)
  Jessica (D:2)
  An orc wizard (D:6)
  3 adders
  4 orcs
  A bat (D:1)
  2 endoplasms
  A giant cockroach (D:4)
  2 goblins
  3 hobgoblins
  A jackal (D:3)
  3 quokkas (D:4)
  2 ball pythons
  A frilled lizard (D:3)
  4 kobolds
  2 rats
34 creatures vanquished.

Notes
Turn   | Place    | Note
-------+----------+-------------------------------------------
     0 | D:1      | redmage the Meteoran Earth Elementalist began the quest for
                  | the Orb.
     0 | D:1      | Reached XP level 1. HP: 14/14 MP: 5/5
    77 | D:1      | Reached skill level 4 in Earth Magic
    77 | D:1      | Reached XP level 2. HP: 20/20 MP: 4/6
   184 | D:2      | Noticed Jessica
   187 | D:2      | Killed Jessica
   188 | D:2      | Reached skill level 5 in Earth Magic
   188 | D:2      | Reached XP level 3. HP: 26/26 MP: 5/8
   201 | D:2      | Reached XP level 4. HP: 33/33 MP: 6/9
   304 | D:2      | Learned a level 2 spell: Passwall
   308 | D:2      | Learned a level 3 spell: Stone Arrow
   312 | D:2      | Learned a level 3 spell: Ozocubu's Armour
   376 | D:3      | Found Soadeg's Weapon Shoppe.
   418 | D:5      | Entered Level 5 of the Dungeon
   423 | D:5      | Reached skill level 1 in Conjurations
   423 | D:5      | Reached XP level 5. HP: 38/38 MP: 4/10
   463 | D:4      | Found Felod's Elemental Accessories.
   548 | D:5      | Reached skill level 1 in Ice Magic
   564 | D:4      | Found a shimmering blue altar of Sif Muna.
   572 | D:4      | Became a worshipper of Sif Muna the Loreminder
   639 | D:6      | Noticed an ice beast
   657 | D:6      | Reached skill level 6 in Earth Magic
   657 | D:6      | Reached XP level 6. HP: 30/45 MP: 3/11
   675 | D:5      | Identified the +0 spear "Conservator" {drain, Int+4 Dex+2}
   675 | D:5      | Noticed a centaur
   686 | D:5      | Noticed a centaur
   690 | D:5      | Killed a centaur
   690 | D:5      | HP: 2/45 [scorpion (2)]
   691 | D:5      | Reached skill level 1 in Invocations
   691 | D:5      | Succumbed to a scorpion's poison

Illustrated notes

Levels and vault maps discovered:
D:1:      wander_arrival_estate, layout_basic
D:2:      layout_loops_ring, basic_altar, uniq_jessica, uniq_natasha
D:3:      layout_basic, serial_shops, nicolae_shop_tiny_glass, shop,
          nicolae_square_shop, minmay_surrounded
D:4:      layout_rooms, nicolae_overflow_crystal_walls, kennysheep_another_room,
          chequers_mini_garden, nicolae_elemental_shop, uniq_ijyb
D:5:      layout_rooms, mainiacjoe_overflow_catwalk,
          minmay_temple_entry_statues_fountains
D:6:      layout_basic, uniq_crazy_yiuf_cottage, uniq_grinder,
          uniq_blork_the_orc

Skill      XL: |  1  2  3  4  5  6 |
---------------+-------------------+-----
Earth Magic    | 4 5 6 |  6.2
Spellcasting   | 3 |  3.0
Conjurations   | 1 2 3 |  3.4
Ice Magic      | 1 2 |  2.0
Invocations    | 1 |  1.5
Dodging        | |  2.4
Stealth        | |  1.4
Transmutations | |  1.2

Action                     |  1- 3 |  4- 6 || total
---------------------------+-------+-------++-------
  Melee: Unarmed           |       |     1 ||     1
   Cast: Sandblast         |    17 |    30 ||    47
         Passwall          |       |     3 ||     3
         Stone Arrow       |       |     8 ||     8
         Ozocubu's Armour  |       |     1 ||     1
  Evoke: Wand              |       |     3 ||     3
    Use: Scroll            |       |     5 ||     5
         Potion            |       |     1 ||     1
 Armour: Robe              |     2 |     6 ||     8
  Dodge: Dodged            |     5 |    23 ||    28
